cohdb
Replays
Latest Replays
All Replays
Popular Replays
Top Player Replays
Match Explorer
How It Works
Community
CoH3 Stats
Reddit
Sign in to upload your games and track your stats! →
Sign in with Steam
Match 41192152
Unlisted
Match 41192152
Overview
Messages
Build Orders
End
Selects Heavy Weapons
Engineer Squad
Construct Barracks
Riflemen Squad
Riflemen Squad
Grenade Package
Construct Weapon Support Center
Selects M2HB .50cal Heavy Machine Gun
.30 cal Machine Gun
M1919 Machine Gun Team
Mechanized Support Center
Mortar Pit
Construct Motor Pool
Selects Assault Carriers
M3 Assault Carrier
M1 Anti-tank Gun Team
M1918 Browning Automatic Rifles
M16 Multiple Gun Motor Carriage
Selects Halftrack Strongpoints
M3 Assault Carrier
ThatGuyDaryl
jsuh.graphicart
Alex Fawksson
Artanis_kir
Husar
seoul101th
S-G Herold
chell007
0
0
Comments
sign in to comment!
No comments posted yet!